 Dungeon Crawl Stone Soup version 0.32-a0-732-ga344392067 (webtiles) character file.

Game seed: 430270666462132164

56 runemasterragnar the Grasshopper (level 3, -20/28 HPs)
             Began as a Coglin Warper on Mar 17, 2024.
             Demolished by an ogre
             ... wielding a +0 giant spiked club
              (30 damage)
             ... on level 4 of the Dungeon.
             The game lasted 00:05:19 (1910 turns).

runemasterragnar the Grasshopper (Coglin Warper)    Turns: 1910, Time: 00:05:20

Health: -20/28     AC:  5    Str: 13    XL:     3   Next: 95%
Magic:  6/6        EV:  9    Int: 12    God:
Gold:   133        SH:  0    Dex: 13    Spells: 4/6 levels left

rFire   . . .        a - +0 spear {Gaius}
rCold   . . .        e - +0 dagger {Minjee}
rNeg    . . .        j - +0 ring mail
rPois   .            (no helmet)
rElec   .            (no cloak)
rCorr   .            (no gloves)
SInv    .            (no boots)
Will    .....        (amulet unavailable)
Stlth   +            (ring unavailable)
HPRegen 0.24/turn    (ring unavailable)
MPRegen 0.10/turn    (no gizmo)

%: no passive effects
@: revved
A: off-hand wielding, slow wielding, warmup strikes, no jewellery
a: Invent Gizmo


You were on level 4 of the Dungeon.
You visited 1 branch of the dungeon, and saw 4 of its levels.

You collected 133 gold pieces.

Inventory:

Hand Weapons
 a - a +0 spear (weapon) {Gaius}
 e - a +0 dagger (offhand) {Minjee}
Missiles
 d - a dart of dispersal (quivered)
Armour
 b - a +0 leather armour
 g - an orb of light
 i - a +0 chain mail
 j - a +0 ring mail (worn)
Magical Staves
 f - a staff of air
Scrolls
 c - a scroll of blinking
 h - 5 scrolls of identify {unknown}
 k - a scroll of revelation {unknown}
 l - a scroll of enchant armour {unknown}
 m - a scroll of torment {unknown}
 o - 3 scrolls of amnesia {unknown}
 p - a scroll of teleportation {unknown}


   Skills:
 + Level 2.4 Fighting
 + Level 2.2 Polearms
 + Level 1.4 Throwing
 + Level 1.4 Armour
 - Level 1.7 Dodging
 + Level 2.1 Spellcasting
 + Level 3.3 Translocations


You had 4 spell levels left.
You knew the following spells:

 Your Spells              Type           Power      Damage    Failure   Level
a - Blink                 Tloc           18%        N/A       22%         2

Your spell library contained the following spells:

 Spells                   Type           Power      Damage    Failure   Level
 Lesser Beckoning         Tloc           18%        N/A       22%         2
 Teleport Other           Tloc           9%         N/A       41%         3
 Manifold Assault         Tloc           9%         N/A       82%         4
 Vhi's Electric Charge    Tloc/Air       10%        N/A       96%         4


Dungeon Overview and Level Annotations

Branches:
Dungeon (4/15)
 Temple: D:4-7

Altars:
Fedhas
Xom

Shops:
D:2 [*

Annotations:
D:2 Terence
D:3 exclusion: oklob plant


Innate Abilities, Weirdness & Mutations

You can wield a second weapon in your off-hand.
It takes a long time for you to wield or remove held weapons.
Your first few attacks do less damage.
You cannot equip rings or amulets.


Message History

An adder is nearby!
An adder is nearby!
An ogre comes into view. It is wielding a +0 giant spiked club.
The ogre shouts!
You hit the adder with your +0 dagger.
The adder is heavily wounded.
You hit the adder with your +0 spear. The adder bites you.
You are poisoned.
The adder poisons you!
You miss the adder with your +0 dagger.
The adder is severely wounded.
You hit the adder with your +0 spear.
You kill the adder!
You feel sick.
Unknown command.
It was a potion of cancellation.
You feel magically purged.
You feel sick. The ogre closely misses you.
You hit the ogre with your +0 dagger.
The ogre is lightly wounded.
You hit the ogre with your +0 spear.
You feel sick.
You hit the ogre but do no damage.
The ogre is moderately wounded.
You hit the ogre with your +0 spear.
You feel sick. The ogre barely misses you.
You hit the ogre with your +0 spear.
The ogre is heavily wounded.
You hit the ogre with your +0 dagger.
You feel sick.
The ogre hits you with a +0 giant spiked club!
You hit the ogre with your +0 dagger.
The ogre is severely wounded.
You hit the ogre but do no damage.
You feel sick.
You are no longer poisoned.
You hit the ogre with your +0 spear.
The ogre is almost dead.
You hit the ogre with your +0 dagger. The ogre misses you.
You hit the ogre but do no damage.
The ogre is almost dead.
You barely miss the ogre with your +0 spear.
The ogre hits you with a +0 giant spiked club!!
Ouch! That really hurt!
You die...

### .##. #.. #....
###..## #.....
##.....## ....#
#.......####...#
#.##. #........#
......##..#.....##
#...O@.###.....##
#.......#.......#
...........<#..#..#
.###....#..##..# ##
####..#.....#
#...##..... ##.#
...### #.# ###


You could see an ogre.

Vanquished Creatures
  An adder (D:4)
  A dart slug (D:1)
  2 ribbon worms
  An orc (D:3)
  2 bats
  An endoplasm (D:1)
  A giant cockroach (D:1)
  5 goblins
  2 hobgoblins (D:2)
  4 jackals (D:2)
  4 kobolds (D:1)
  4 quokkas
  A ball python (D:3)
  4 frilled lizards
  2 rats (D:1)
35 creatures vanquished.

Notes
Turn   | Place    | Note
-------+----------+-------------------------------------------
     0 | D:1      | runemasterragnar the Coglin Warper began the quest for the
                  | Orb.
     0 | D:1      | Reached XP level 1. HP: 16/16 MP: 3/3
    22 | D:1      | Reached skill level 1 in Armour
    23 | D:1      | Reached skill level 1 in Throwing
   107 | D:1      | Reached XP level 2. HP: 22/22 MP: 4/4
   307 | D:1      | Found a faded altar of an unknown god.
   507 | D:2      | Noticed an animated shadow dragon scales
   507 | D:2      | Found Joudut's Armour Shoppe.
   511 | D:2      | Found a shimmering altar of Xom.
   525 | D:2      | Noticed an animated pearl dragon scales
   638 | D:2      | Reached XP level 3. HP: 17/27 MP: 4/6
   697 | D:2      | Found Loqify's Assorted Antiques.
   840 | D:2      | Noticed Terence
  1316 | D:3      | Learned a level 2 spell: Blink
  1773 | D:3      | Found a blossoming altar of Fedhas.
  1817 | D:3      | Noticed an oklob plant
  1900 | D:4      | Noticed an ogre
  1910 | D:4      | Demolished by an ogre

Illustrated notes

Levels and vault maps discovered:
D:1:      ncdulo_watergridlock, layout_basic,
          shapermc_ecumenical_altar_mp_vishouse
D:2:      layout_loops_corners, serial_shops, nicolae_shop_hallway_stairs,
          nicolae_shop_statue_plus, nicolae_shop_mannequins, basic_altar,
          chequers_mini_garden, uniq_terence, uniq_sigmund
D:3:      layout_loops_ring, tgw_fedhas
D:4:      kennysheep_goblin_castle, layout_cave_pools, serial_shops,
          nicolae_shop_bloodbath_and_beyond

Skill      XL: |  1  2 |
---------------+-------+-----
Armour         | 1 |  1.4
Throwing       | 1 |  1.4
Polearms       | 2 |  2.2
Spellcasting   | 2 |  2.1
Fighting       | |  2.4
Dodging        | |  1.7
Translocations | |  3.3

Action                     || total
---------------------------++-------
  Melee: Spear             ||   113
         Dagger            ||    88
  Throw: Dart              ||     6
    Use: Potion            ||     2
 Armour: Leather armour    ||    12
         Ring mail         ||    41
  Dodge: Dodged            ||    31

Table legend: (Time is in decaauts)
 A = Elapsed time spent in this place.
 B = Non-inter-level travel time spent in this place.
 C = Inter-level travel time spent in this place.
 D = Time resting spent in this place.
 E = Time spent auto-exploring this place.
 F = Levels seen in this place.
 G = Mean time per level.
                   A        B        C        D        E       F      G
               +--------+--------+--------+--------+--------+-----+--------+
         Total |   1891 |   1783 |    108 |     73 |   1417 |   4 |  472.8 |
       Dungeon |   1891 |   1783 |    108 |     73 |   1417 |   4 |  472.8 |
               +--------+--------+--------+--------+--------+-----+--------+

Top non-repeatable levels by time:
     D:3: 923 daAuts
     D:1: 507 daAuts
     D:2: 442 daAuts
     D:4: 17 daAuts
